 Dungeon Crawl Stone Soup version 0.30-a0-694-g3340775977 (webtiles) character file.

Game seed: 14035321289209600310

582 Fenrisus the Shield-Bearer (level 7, -4/56 HPs)
             Began as a Formicid Fighter on Jan 20, 2023.
             Slain by Pikel
             ... wielding a +1 whip of electrocution
              (8 damage)
             ... on level 5 of the Dungeon.
             The game lasted 00:16:06 (3975 turns).

Fenrisus the Shield-Bearer (Formicid Fighter)       Turns: 3975, Time: 00:16:07

Health: -4/56      AC: 12    Str: 21    XL:     7   Next: 63%
Magic:  7/7        EV:  9    Int:  7    God:
Gold:   182        SH:  6    Dex: 15    Spells: 6/6 levels left

rFire   . . .      SeeInvis +    a - +1 quarterstaff
rCold   + . .      Faith    .    c - +0 buckler
rNeg    . . .      Spirit   .    o - +0 scale mail {rC+}
rPois   +          Reflect  .    (helmet unavailable)
rElec   .          Harm     .    (no cloak)
rCorr   .          Rampage  .    q - +0 pair of gloves
Will    .....                    (no boots) Stlth
                                 (no amulet)
HPRegen 0.29/turn                j - ring of poison resistance
MPRegen 0.10/turn                d - +4 ring of protection

@: no status effects
A: permanent stasis, dig shafts and tunnels, antennae 3, four strong arms
a: Dig, Shaft Self


You were on level 5 of the Dungeon.
You visited 1 branch of the dungeon, and saw 5 of its levels.

You collected 182 gold pieces.

Inventory:

Hand Weapons
 a - a +1 quarterstaff (weapon)
Missiles
 m - a throwing net
Armour
 c - a +0 buckler (worn)
 o - a +0 scale mail of cold resistance (worn)
 q - a +0 pair of gloves (worn)
Jewellery
 d - a +4 ring of protection (right hand)
 j - a ring of poison resistance (left hand)
 n - an amulet of magic regeneration
Wands
 k - a wand of roots (8)
Scrolls
 e - 2 scrolls of identify
 f - a scroll of fog
 l - a scroll of blinking {unknown}
 p - a scroll of enchant armour {unknown}
Potions
 h - a potion of berserk rage
 i - 2 potions of lignification


   Skills:
 + Level 5.1 Fighting
 + Level 2.3(3.5) Polearms
 + Level 4.0(4.3) Staves
 + Level 5.1 Armour
 + Level 6.1 Shields


You had 6 spell levels left.
You didn't know any spells.
Your spell library was empty.

Dungeon Overview and Level Annotations

Branches:
Dungeon (5/15)
 Temple: D:4-7

Altars:
Ashenzari
Fedhas
Makhleb
Nemelex Xobeh
Trog
Vehumet

Shops:
D:2 [   D:5 *

Annotations:
D:3 2 runed translucent doors, TimeIsEndless's ghost, amateur OgWr
D:5 Pikel


Innate Abilities, Weirdness & Mutations

You cannot be hasted, slowed, berserked, paralysed or teleported.
You can dig through walls and to a lower floor.
You have a pair of large antennae on your head. (SInv)
Your four strong arms can wield two-handed weapons with a shield.


Message History

Found an orange potion.
There is an escape hatch in the floor here.
You sock Pikel!
Pikel is moderately wounded.
Pikel hits you with a +1 whip of electrocution.
You closely miss Pikel.
Pikel is moderately wounded.
Pikel hits you with a +1 whip of electrocution.
You block Pikel's attack.
You barely miss Pikel.
Pikel is moderately wounded.
Pikel zaps a wand.
The bolt of dispelling energy hits you!
You closely miss Pikel.
Pikel is moderately wounded.
Pikel hits you but does no damage. The lemure barely misses you.
You barely miss Pikel.
Pikel is moderately wounded.
Pikel closely misses you. The lemure hits you.
You are too injured to fight recklessly!
You are too injured to fight recklessly!
You feel better.
Pikel hits you with a +1 whip of electrocution!
You are electrocuted!!
* * * LOW HITPOINT WARNING * * *
The lemure hits you but does no damage.
You are too injured to fight recklessly!
You feel better.
Pikel hits you with a +1 whip of electrocution!
* * * LOW HITPOINT WARNING * * *
The lemure hits you but does no damage.
You are too injured to fight recklessly!
You are too injured to fight recklessly!
You are too injured to fight recklessly!
You are too injured to fight recklessly!
You are too injured to fight recklessly!
You are too injured to fight recklessly!
You closely miss Pikel.
Pikel is moderately wounded.
Pikel hits you with a +1 whip of electrocution!
You die...

##.....<.....)#####........)...#
##.........).÷)................
##........÷~~..............###
##.....~~~≈~~~.........##.#
#......~≈≈≈≈≈≈~~..#####.##.#
#..###.~≈≈~~~~~≈≈~.## ...... .##
#..~≈≈~..P~≈≈≈..#. ..
#.~≈≈≈.PP.P≈≈≈~...#
#.~≈≈~<._P@≈≈~~..##
~≈≈≈PP..K5≈≈~....
.~≈≈~...~~≈~....#
.~≈≈~~~≈~~~~....#
..~≈~≈≈≈≈≈~.....
#..≈~≈≈≈~~......
##...~≈≈......!. ###.......!....


You could see Pikel and a lemure.

Vanquished Creatures
  An ogre (D:4)
  3 lemures (D:5)
  A scorpion (D:5)
  2 hounds
  3 orc priests
  Jessica (D:3)
  2 iguanas (D:5)
  An orc wizard (D:4)
  2 gnolls (D:1)
  9 adders
  2 worms
  2 dart slugs
  8 orcs
  9 endoplasms
  A giant cockroach (D:1)
  5 goblins
  3 hobgoblins
  3 jackals (D:4)
  3 quokkas
  8 ball pythons
  10 bats
  4 frilled lizards
  2 kobolds
  3 rats
88 creatures vanquished.

Notes
Turn   | Place    | Note
-------+----------+-------------------------------------------
     0 | D:1      | Fenrisus the Formicid Fighter began the quest for the Orb.
     0 | D:1      | Reached XP level 1. HP: 18/18 MP: 1/1
    87 | D:1      | Reached XP level 2. HP: 22/24 MP: 2/2
   262 | D:1      | Reached XP level 3. HP: 27/29 MP: 3/3
   972 | D:2      | Found Ajogyvic's Armour Boutique.
  1179 | D:2      | Reached XP level 4. HP: 34/37 MP: 4/4
  1347 | D:2      | Found a faded altar of an unknown god.
  1656 | D:3      | Reached XP level 5. HP: 40/42 MP: 5/5
  1752 | D:3      | Noticed Jessica
  1770 | D:3      | Reached skill level 5 in Shields
  1788 | D:3      | Killed Jessica
  2098 | D:3      | Found a sparkling altar of Nemelex Xobeh.
  2315 | D:3      | Found a large runed translucent door.
  2316 | D:3      | Found a large runed translucent door.
  2321 | D:3      | Noticed TimeIsEndless's ghost (amateur OgWr)
  2484 | D:4      | Reached skill level 1 in Polearms
  2484 | D:4      | Reached XP level 6. HP: 44/49 MP: 6/6
  2592 | D:4      | Found a bloodstained altar of Trog.
  2995 | D:4      | Noticed an ogre
  2999 | D:4      | Killed an ogre
  3053 | D:4      | Reached XP level 7. HP: 25/55 MP: 7/7
  3465 | D:5      | Entered Level 5 of the Dungeon
  3479 | D:5      | Found Iheef's Neck Hole.
  3502 | D:5      | Noticed Pikel
  3694 | D:5      | Found a blossoming altar of Fedhas.
  3701 | D:5      | Reached skill level 5 in Fighting
  3706 | D:5      | Reached skill level 6 in Shields
  3717 | D:5      | Reached skill level 5 in Armour
  3899 | D:5      | Found a radiant altar of Vehumet.
  3903 | D:5      | Found a broken altar of Ashenzari.
  3907 | D:5      | Found a burning altar of Makhleb.
  3975 | D:5      | Slain by Pikel

Illustrated notes

Levels and vault maps discovered:
D:1:      tarquinn_simple_flora_water_b, layout_loops_ring
D:2:      layout_basic, hellmonk_ecumenical_altar_pennies_from_heaven,
          serial_rivers, chequers_serial_rivers_room_b,
          chequers_serial_rivers_large_b, chequers_serial_rivers_room_b,
          chequers_serial_rivers_micro_e, chequers_serial_rivers_micro_c,
          chequers_serial_rivers_small_b, serial_shops, shop, minmay_between
D:3:      layout_loops_corners, general_overflow_altar,
          ebering_ghost_disaster_area, kennysheep_nondescript, uniq_jessica
D:4:      layout_loops_ring, mainiacjoe_overflow_surrounded_room
D:5:      layout_cave_pods, nicolae_uskayaw_en_pointe, fedhas_ov_isle_minmay,
          minmay_overflow_temple_star_quad, mainiacjoe_overflow_alcove_1,
          chequers_temple_overflow_minitemple, minmay_temple_entry_large_hall,
          nicolae_shop_sticking_my_neck_out, uniq_pikel

Skill      XL: |  1  2  3  4  5  6  7 |
---------------+----------------------+-----
Fighting       | 4 5 |  5.1
Armour         | 4 5 |  5.1
Shields        | 5 6 |  6.1
Staves         | 3 4 |  4.0
Polearms       | 1 2 |  2.3

Action                   |  1- 3 |  4- 6 |  7- 9 || total
-------------------------+-------+-------+-------++-------
Melee: Quarterstaff      |    56 |   205 |    87 ||   348
  Use: Scroll            |     5 |     5 |       ||    10
       Potion            |       |     1 |     2 ||     3
Armor: Scale mail        |    21 |    99 |    35 ||   155
Dodge: Dodged            |    27 |    94 |    26 ||   147
Block: Buckler           |    11 |    54 |    16 ||    81

Table legend: (Time is in decaauts)
 A = Elapsed time spent in this place.
 B = Non-inter-level travel time spent in this place.
 C = Inter-level travel time spent in this place.
 D = Time resting spent in this place.
 E = Time spent auto-exploring this place.
 F = Levels seen in this place.
 G = Mean time per level.
                   A        B        C        D        E       F      G
               +--------+--------+--------+--------+--------+-----+--------+
         Total |   4075 |   1358 |   2717 |    612 |      0 |   5 |  815.0 |
       Dungeon |   4075 |   1358 |   2717 |    612 |      0 |   5 |  815.0 |
               +--------+--------+--------+--------+--------+-----+--------+

Top non-repeatable levels by time:
     D:4: 1024 daAuts
     D:3: 866 daAuts
     D:2: 845 daAuts
     D:1: 815 daAuts
     D:5: 522 daAuts
